 Dungeon Crawl Stone Soup version 0.29-a0-824-gd827844252 (webtiles) character file.

Game seed: 9680701284716074709

3921 Gargoyl the Covered (level 10, 0/63 HPs)
             Began as a Gargoyle Berserker on July 10, 2022.
             Was an Elder of Trog.
             Slain by a five-headed hydra (10 damage)
             ... on level 1 of the Lair of Beasts.
             The game lasted 00:09:59 (8843 turns).

Gargoyl the Covered (Gargoyle Berserker)            Turns: 8843, Time: 00:10:00

Health: 0/63       AC: 23    Str: 23    XL:     10   Next: 20%
Magic:  10/10      EV:  9    Int: 11    God:    Trog [****..]
Gold:   490        SH:  0    Dex: 11    Spells: 9/9 levels left

rFire   + . .      SeeInvis +   p - +7 rapier "Zeawon" {vamp, Int+3}
rCold   + . .      Faith    .   (no shield)
rNeg    + . .      Spirit   .   m - +0 chain mail
rPois   ∞          Reflect  .   h - +2 helmet
rElec   +          Harm     .   q - scarf {rC+ rF+}
rCorr   .          Rampage  .   (no gloves)
Will    +....                   (no boots)
Stlth   ..........              (no amulet)
HPRegen 0.20/turn               l - ring of see invisible
MPRegen 0.12/turn               (no ring)

@: no status effects
A: sickness immunity, AC +7, negative energy resistance 1, electricity
resistance, torment resistance 1, petrification resistance, iridescent scales 1,
strong-willed 1
a: Renounce Religion, Berserk, Trog's Hand, Brothers in Arms


You were on level 1 of the Lair of Beasts.
You worshipped Trog.
Trog was greatly pleased with you.
You visited 2 branches of the dungeon, and saw 9 of its levels.

You collected 490 gold pieces.

Inventory:

Hand Weapons
 a - a +1 hand axe
 d - a +2 whip of electrocution
 p - the +7 rapier "Zeawon" (weapon) {vamp, Int+3}
   (You found it on level 7 of the Dungeon)

   It occasionally heals its wielder for a portion of the damage dealt when it
   wounds a living foe.
   Int:       It affects your intelligence (+3).
Missiles
 f - 9 curare-tipped darts (quivered)
 k - 31 poisoned darts
Armour
 h - a +2 helmet (worn)
 m - a +0 chain mail (worn)
 q - a scarf of resistance (worn)
Jewellery
 l - a ring of see invisible (left hand)
Wands
 g - a wand of paralysis (9)
 i - a wand of flame (44)
 o - a wand of polymorph (11)
 r - a wand of iceblast (13)
Scrolls
 s - a scroll of poison
 t - a scroll of torment {unknown}
 u - a scroll of identify
Potions
 b - 3 potions of mutation
 c - a potion of haste
 e - 2 potions of lignification
 j - 2 potions of heal wounds {unknown}
 n - 2 potions of curing {unknown}


   Skills:
 + Level 7.0 Fighting
 + Level 5.0 Short Blades
 + Level 5.2(6.7) Axes
 + Level 7.2(8.1) Maces & Flails
 + Level 1.9 Throwing
 + Level 7.5 Armour
 + Level 3.3 Dodging
 + Level 1.5 Stealth


You had 9 spell levels left.
You didn't know any spells.
Your spell library was empty.

Dungeon Overview and Level Annotations

Branches:
Dungeon (8/15)             Temple (0/1) D:7            Lair (1/6) D:8

Altars:
Cheibriados
Elyvilon
Gozag
Hepliaklqana
Kikubaaqudgha
Nemelex Xobeh
Ru
Sif Muna
Trog
Vehumet
Zin
The Shining One


Innate Abilities, Weirdness & Mutations

You are immune to sickness and miasma.
Your stone body is resilient. (AC +7)
You are immune to poison.
You resist negative energy. (rN+)
You are resistant to electric shocks. (rElec)
You are resistant to unholy torment.
You are immune to petrification.
You are partially covered in iridescent scales. (AC +2)
You are strong-willed. (Will+)


Message History

Unknown command.
You puncture the five-headed hydra!
The five-headed hydra is moderately wounded.
You puncture the five-headed hydra!
The five-headed hydra is moderately wounded.
The five-headed hydra bites you.
The five-headed hydra bites you but does no damage. x2
The five-headed hydra bites you! x2
Unknown command.
You puncture the five-headed hydra!
You feel better.
The five-headed hydra is heavily wounded.
The five-headed hydra bites you but does no damage. x5
Unknown command.
You puncture the five-headed hydra!
The five-headed hydra is heavily wounded.
The five-headed hydra bites you but does no damage.
The five-headed hydra barely misses you.
The five-headed hydra bites you but does no damage. x2
The five-headed hydra misses you.
You puncture the five-headed hydra!
The five-headed hydra is severely wounded.
The five-headed hydra bites you but does no damage. x2
The five-headed hydra bites you! The five-headed hydra bites you. x2
* * * LOW HITPOINT WARNING * * *
Unknown command.
You hit the five-headed hydra.
You feel better.
You punch the five-headed hydra.
The five-headed hydra is almost dead.
The five-headed hydra bites you!
* * * LOW HITPOINT WARNING * * *
The five-headed hydra bites you but does no damage. x3
The five-headed hydra barely misses you.
Okay, then.
You hit the five-headed hydra.
You feel better.
The five-headed hydra is almost dead.
The five-headed hydra bites you but does no damage.
The five-headed hydra bites you!
* * * LOW HITPOINT WARNING * * *
The five-headed hydra bites you!
You die...

##... ....
...# #..##
#.(.# ##...#
####..D.#
P#.#.#.@.# .
..$......# #.
.........#
##..
.##.....##
.....#####...#
.......<.#...#
#............#
...#..##....##
.........#..#


You could see a five-headed hydra.

Vanquished Creatures
  2 komodo dragons (D:8)
  Eustachio (D:4)
  3 water moccasins
  2 black bears
  3 ice beasts
  2 sky beasts
  2 centaurs
  3 phantoms
  3 kobold brigands
  4 necrophages
  A bullfrog (D:8)
  2 scorpions
  A gnoll sergeant (D:8)
  7 wights
  3 killer bees (D:8)
  A howler monkey (D:7)
  3 hounds
  A gnoll bouda (D:8)
  An orc priest (D:7)
  A jelly (D:5)
  2 orc wizards
  Jessica (D:2)
  Terence (D:1)
  An iguana (D:5)
  Robin (D:1)
  10 adders
  13 gnolls
  4 shadow imps
  A white imp (D:6)
  An ufetubus (D:7)
  A worm (D:4)
  4 dart slugs
  11 orcs
  5 ball pythons
  3 bats
  4 endoplasms
  A giant cockroach (D:1)
  16 goblins
  9 hobgoblins
  13 jackals
  23 kobolds
  6 quokkas
  4 frilled lizards
  6 rats
187 creatures vanquished.

Vanquished Creatures (others)
  An orc (D:8)
  A fungus (D:6)
  45 plants
47 creatures vanquished.

Grand Total: 234 creatures vanquished

Notes
Turn   | Place    | Note
-------+----------+-------------------------------------------
     0 | D:1      | Gargoyl the Gargoyle Berserker began the quest for the Orb.
     0 | D:1      | Reached XP level 1. HP: 14/14 MP: 1/1
   336 | D:1      | Reached XP level 2. HP: 19/19 MP: 2/2
  1154 | D:1      | Reached XP level 3. HP: 21/24 MP: 3/3
  1327 | D:2      | Noticed Robin
  1327 | D:2      | Noticed Terence
  1327 | D:2      | Found a sacrificial altar of Ru.
  1551 | D:1      | Killed Robin
  1559 | D:1      | Killed Terence
  1560 | D:1      | Reached XP level 4. HP: 14/29 MP: 4/4
  1776 | D:2      | Reached ** piety under Trog
  1971 | D:2      | Noticed Jessica
  1986 | D:2      | Killed Jessica
  1987 | D:2      | Reached XP level 5. HP: 26/33 MP: 5/5
  2322 | D:2      | Found a faded altar of an unknown god.
  2661 | D:3      | Reached XP level 6. HP: 39/39 MP: 6/6
  3091 | D:4      | Noticed a black bear
  3096 | D:4      | Killed a black bear
  3440 | D:4      | Found a sparkling altar of Nemelex Xobeh.
  3440 | D:4      | Found a white marble altar of Elyvilon.
  3449 | D:4      | Found a shimmering blue altar of Sif Muna.
  3451 | D:4      | Found a snail-covered altar of Cheibriados.
  3453 | D:4      | Found a radiant altar of Vehumet.
  3652 | D:4      | Reached skill level 5 in Axes
  3730 | D:4      | Noticed Eustachio
  3763 | D:4      | Killed Eustachio
  3764 | D:4      | Reached skill level 1 in Maces & Flails
  3764 | D:4      | Reached XP level 7. HP: 25/44 MP: 7/7
  4010 | D:5      | Entered Level 5 of the Dungeon
  4040 | D:5      | Reached skill level 1 in Throwing
  4271 | D:5      | Gained mutation: You are partially covered in iridescent
                  | scales. (AC +2) [potion of mutation]
  4271 | D:5      | Gained mutation: You are strong-willed. (Will+) [potion of
                  | mutation]
  4353 | D:5      | Reached *** piety under Trog
  4354 | D:5      | Reached skill level 5 in Fighting
  4726 | D:5      | Found a bloodstained altar of Trog.
  5030 | D:5      | Reached XP level 8. HP: 49/49 MP: 8/8
  5055 | D:5      | Found an opulent altar of Gozag.
  5470 | D:6      | Reached skill level 5 in Armour
  5872 | D:6      | Found an ancient bone altar of Kikubaaqudgha.
  5923 | D:6      | Found a glowing silver altar of Zin.
  5979 | D:7      | Reached skill level 5 in Maces & Flails
  6010 | D:6      | Reached skill level 1 in Stealth
  6051 | D:7      | Reached XP level 9. HP: 55/55 MP: 9/9
  6229 | D:7      | Identified the +7 rapier "Zeawon" {vamp, Int+3}
  6668 | D:7      | Found a staircase to the Ecumenical Temple.
  7051 | D:8      | Reached skill level 1 in Short Blades
  7472 | D:8      | Found a sacrificial altar of Ru.
  7514 | D:8      | Reached **** piety under Trog
  7898 | D:8      | Noticed a komodo dragon
  7906 | D:8      | Killed a komodo dragon
  7907 | D:8      | Reached XP level 10. HP: 61/61 MP: 10/10
  8218 | D:8      | Found a glowing golden altar of the Shining One.
  8231 | D:8      | Found a hazy altar of Hepliaklqana.
  8566 | D:8      | Found a staircase to the Lair.
  8588 | D:8      | Reached skill level 5 in Short Blades
  8806 | Lair:1   | Entered Level 1 of the Lair of Beasts
  8830 | Lair:1   | Noticed a five-headed hydra
  8843 | Lair:1   | Slain by a five-headed hydra

Illustrated notes

Levels and vault maps discovered:
D:1:      wander_arrival_fairy_ring, layout_loops_ring, serial_forest,
          infiniplex_forest_clump_medium, infiniplex_forest_3_way,
          infiniplex_forest_lined_2, infiniplex_forest_lined_1,
          infiniplex_forest_lined_room_2, infiniplex_forest_straight_1,
          infiniplex_forest_clump_C, infiniplex_forest_end_1
D:2:      layout_loops_ring, hellmonk_ecumenical_altar_leap_of_faith,
          basic_altar, minmay_tromino_i4, uniq_robin, uniq_jessica, uniq_terence
D:3:      wander_river, layout_rooms, palyth_stone_intersect
D:4:      layout_cave_pods, chequers_temple_overflow_minitemple, uniq_eustachio
D:5:      layout_basic, mainiacjoe_overflow_alcove_2,
          mainiacjoe_overflow_alcove_1, nicolae_kite_square_tiling_tiny,
          chequers_serial_rivers_micro_d, eino_curves_04, st_stairs_6
D:6:      layout_rooms, mainiacjoe_overflow_alcove_4,
          mainiacjoe_overflow_brackets
D:7:      layout_cave_pools, temple_green
D:8:      layout_rooms, minitemple, mainiacjoe_overflow_24_doors,
          david_lair_shrubbed, nrook_loot_triangle, serial_bayou_lagoon_a
Lair:1:   layout_loops_ring, beast_lair_carwin_5, lemuel_fruit_tree

Skill      XL: |  1  2  3  4  5  6  7  8  9 10 |
---------------+-------------------------------+-----
Axes           | 3 4 5 |  5.2
Dodging        | 2 3 |  3.3
Fighting       | 4 5 6 7 |  7.0
Armour         | 3 4 5 7 |  7.5
Maces & Flails | 1 3 6 7 |  7.2
Throwing       | 1 |  1.9
Stealth        | 1 |  1.5
Short Blades   | 4 5 |  5.0

Action                   |  1- 3 |  4- 6 |  7- 9 | 10-12 || total
-------------------------+-------+-------+-------+-------++-------
Melee: Hand axe          |    92 |   122 |       |       ||   214
       Punch             |     1 |     2 |     4 |     4 ||    11
       Whip              |       |    85 |   227 |       ||   312
       Rapier            |       |       |   126 |    82 ||   208
Throw: Dart              |       |     6 |     5 |     6 ||    17
Invok: Berserk           |     2 |     2 |       |       ||     4
       Trog's Hand       |       |     2 |       |       ||     2
  Use: Scroll            |       |     9 |     4 |       ||    13
       Potion            |       |       |     2 |       ||     2
Armor: Ring mail         |    53 |    30 |       |       ||    83
       Animal skin       |     4 |       |       |       ||     4
       Chain mail        |       |   131 |   284 |    95 ||   510
Dodge: Dodged            |    72 |   146 |   172 |    63 ||   453

Table legend: (Time is in decaauts)
 A = Elapsed time spent in this place.
 B = Non-inter-level travel time spent in this place.
 C = Inter-level travel time spent in this place.
 D = Time resting spent in this place.
 E = Time spent auto-exploring this place.
 F = Levels seen in this place.
 G = Mean time per level.
                   A        B        C        D        E       F      G
               +--------+--------+--------+--------+--------+-----+--------+
         Total |   8886 |   8609 |    277 |    906 |   5984 |   9 |  987.3 |
       Dungeon |   8851 |   8575 |    276 |    906 |   5975 |   8 | 1106.4 |
          Lair |     35 |     35 |      0 |      0 |      9 |   1 |   35.0 |
               +--------+--------+--------+--------+--------+-----+--------+

Top non-repeatable levels by time:
     D:1: 1780 daAuts
     D:8: 1549 daAuts
     D:5: 1393 daAuts
     D:7: 1241 daAuts
     D:4: 939 daAuts
     D:2: 901 daAuts
     D:6: 577 daAuts
     D:3: 469 daAuts
  Lair:1: 35 daAuts
